AAA EAST
INDIANAPOLIS INDIANS @ JACKSONVILLE JUMBO SHRIMP
09/01/2041
 
TOP OF THE 1ST
Indianapolis Indians batting - Pitching for Jacksonville Jumbo Shrimp : RHP Mario Bernard
Pitching: RHP Mario Bernard
Batting: RHB Steve Jenkins 0-0: Ball
1-0: Ground out U3 (Groundball, 34, EV 81.3 MPH)
Batting: RHB Johnny Owen 0-0: SINGLE (Flyball, 4MD, EV 99.4 MPH)
Batting: RHB José Vargas 0-0: Called Strike
Johnny Owen steals 2nd base
0-1: Ball
1-1: Swinging Strike
1-2: Fly out, F5 (Popup, 5SF, EV 84.4 MPH)
Batting: LHB Jesús Benavidez 0-0: Ball
1-0: Foul Ball, location: 2F
1-1: Fly out, F8 (Flyball, 78M, EV 88.8 MPH)
Top of the 1st over - 0 runs, 1 hit, 0 errors, 1 left on base; Indianapolis 0 - Jacksonville 0
BOTTOM OF THE 1ST
Jacksonville Jumbo Shrimp batting - Pitching for Indianapolis Indians : RHP Alex Thompson
Pitching: RHP Alex Thompson
Batting: RHB António Sandoval 0-0: Called Strike
0-1: Called Strike
0-2: Ground out 1-3 (Groundball, 34S, EV 68.1 MPH)
Batting: RHB Sean Davidson 0-0: Ball
1-0: Called Strike
1-1: DOUBLE (Groundball, 5L, EV 103.1 MPH)
Batting: LHB Jerry López 0-0: Called Strike
0-1: Ball
1-1: Swinging Strike
1-2: Ball
2-2: Strikes out looking
Batting: LHB Juan Novoa 0-0: Ball
1-0: Ball
2-0: Ball
3-0: Base on Balls
Batting: RHB Kel Mearns 0-0: Ball
Wild Pitch!
Sean Davidson to third
Juan Novoa to second
1-0: Foul Ball, location: 2F
1-1: Foul Ball, location: 5F
1-2: Ball
2-2: Foul Ball, location: 9LSF
2-2: Ball
3-2: Foul Ball, location: 2F
3-2: Foul Ball, location: 2F
3-2: Base on Balls
Batting: LHB Danny King 0-0: SINGLE (Line Drive, 7S, EV 103.1 MPH)
Sean Davidson scores
Juan Novoa to third
Kel Mearns to second
Runner from 3rd tries for Home, SAFE, throw by LF to home
Batting: LHB Roger Lenoir 0-0: Called Strike
0-1: Called Strike
0-2: Ball
1-2: Ball
2-2: Ground out 4-3 (Groundball, 34, EV 100.0 MPH)
Bottom of the 1st over - 2 runs, 2 hits, 0 errors, 2 left on base; Indianapolis 0 - Jacksonville 2
TOP OF THE 2ND
Indianapolis Indians batting - Pitching for Jacksonville Jumbo Shrimp : RHP Mario Bernard
Batting: RHB Chris Smith 0-0: Called Strike
0-1: Ball
1-1: Foul Ball, location: 7LSF
1-2: Strikes out looking
Batting: RHB Norm Owens 0-0: Ball
1-0: Foul Ball, location: 23F
1-1: Swinging Strike
1-2: Foul Ball, location: 2F
1-2: Foul Ball, location: 2F
1-2: Strikes out swinging
Batting: RHB César Otero 0-0: Foul Ball, location: 5SF
0-1: Called Strike
0-2: Strikes out swinging
Top of the 2nd over - 0 runs, 0 hits, 0 errors, 0 left on base; Indianapolis 0 - Jacksonville 2
BOTTOM OF THE 2ND
Jacksonville Jumbo Shrimp batting - Pitching for Indianapolis Indians : RHP Alex Thompson
Batting: RHB Doug Miller 0-0: Called Strike
0-1: Called Strike
0-2: Strikes out swinging
Batting: RHB Cristóbal Martínez 0-0: Ball
1-0: Ball
2-0: Ground out 4-3 (Groundball, 13, EV 85.6 MPH)
Batting: RHB António Sandoval 0-0: Ball
1-0: Foul Ball, location: 9LSF
1-1: Ball
2-1: Called Strike
2-2: Foul Ball, location: 3F
2-2: Ball
3-2: Ground out 4-3 (Groundball, 4S, EV 67.5 MPH)
Bottom of the 2nd over - 0 runs, 0 hits, 0 errors, 0 left on base; Indianapolis 0 - Jacksonville 2
TOP OF THE 3RD
Indianapolis Indians batting - Pitching for Jacksonville Jumbo Shrimp : RHP Mario Bernard
Batting: RHB Ty Lewis 0-0: Foul Ball, location: 2F
0-1: Foul Ball, location: 7LSFF
0-2: Ball
1-2: Strikes out swinging
Batting: RHB Manny Martínez 0-0: Swinging Strike
0-1: Ball
1-1: SINGLE (Groundball, 4D, EV 96.3 MPH)
Batting: RHB Steve Jenkins 0-0: SINGLE (Line Drive, 7LS, EV 96.3 MPH)
Manny Martínez to second
Batting: RHB Johnny Owen 0-0: Fly out, F9 (Flyball, 9D, EV 104.4 MPH)
Runner from 2nd tags up, SAFE at 3rd, no throw by RF
Batting: RHB José Vargas 0-0: Ball
1-0: Ball
2-0: Called Strike
2-1: Ball
3-1: Ground out 1-3 (Groundball, 34S, EV 65.0 MPH)
Top of the 3rd over - 0 runs, 2 hits, 0 errors, 2 left on base; Indianapolis 0 - Jacksonville 2
BOTTOM OF THE 3RD
Jacksonville Jumbo Shrimp batting - Pitching for Indianapolis Indians : RHP Alex Thompson
Batting: RHB Sean Davidson 0-0: Ball
1-0: Ground out 1-3 (Groundball, 13, EV 61.3 MPH)
Batting: LHB Jerry López 0-0: Ground out 4-3 (Groundball, 4M, EV 106.3 MPH)
Batting: LHB Juan Novoa 0-0: Ball
1-0: SINGLE (Groundball, 6M, EV 92.5 MPH) (infield hit)
Batting: RHB Kel Mearns 0-0: Ball
1-0: Called Strike
1-1: Ball
2-1: Fly out, F7 (Line Drive, 7D, EV 96.3 MPH)
Bottom of the 3rd over - 0 runs, 1 hit, 0 errors, 1 left on base; Indianapolis 0 - Jacksonville 2
TOP OF THE 4TH
Indianapolis Indians batting - Pitching for Jacksonville Jumbo Shrimp : RHP Mario Bernard
Batting: LHB Jesús Benavidez 0-0: Foul Ball, location: 2F
0-1: Foul Ball, location: 2F
0-2: Ball
1-2: Foul Ball, location: 5DF
1-2: Strikes out looking
Batting: RHB Chris Smith 0-0: Ball
1-0: Fly out, F7 (Line Drive, 7, EV 91.9 MPH)
Batting: RHB Norm Owens 0-0: Called Strike
0-1: Ball
1-1: Foul Ball, location: 2F
1-2: Foul Ball, location: 3FF
1-2: Fly out, F9 (Flyball, 9D, EV 96.3 MPH)
Top of the 4th over - 0 runs, 0 hits, 0 errors, 0 left on base; Indianapolis 0 - Jacksonville 2
BOTTOM OF THE 4TH
Jacksonville Jumbo Shrimp batting - Pitching for Indianapolis Indians : RHP Alex Thompson
Batting: LHB Danny King 0-0: Called Strike
0-1: Ball
1-1: Ball
2-1: Ground out 3-1 (Groundball, 34, EV 110.0 MPH)
Batting: LHB Roger Lenoir 0-0: Swinging Strike
0-1: Ball
1-1: Ball
2-1: Fly out, F4 (Line Drive, 4, EV 71.9 MPH)
Batting: RHB Doug Miller 0-0: Ground out 5-3 (Groundball, 5S, EV 71.9 MPH)
Bottom of the 4th over - 0 runs, 0 hits, 0 errors, 0 left on base; Indianapolis 0 - Jacksonville 2
TOP OF THE 5TH
Indianapolis Indians batting - Pitching for Jacksonville Jumbo Shrimp : RHP Mario Bernard
Batting: RHB César Otero 0-0: Called Strike
0-1: Called Strike
0-2: Strikes out swinging
Batting: RHB Ty Lewis 0-0: Called Strike
0-1: Foul Ball, location: 2F
0-2: Ball
1-2: Ground out U3 (Groundball, 34, EV 79.4 MPH)
Batting: RHB Manny Martínez 0-0: Ball
1-0: Ball
2-0: Fly out, F8 (Flyball, 78M, EV 91.3 MPH)
Top of the 5th over - 0 runs, 0 hits, 0 errors, 0 left on base; Indianapolis 0 - Jacksonville 2
BOTTOM OF THE 5TH
Jacksonville Jumbo Shrimp batting - Pitching for Indianapolis Indians : RHP Alex Thompson
Batting: RHB Cristóbal Martínez 0-0: Ball
1-0: Ball
2-0: Ground out 6-3 (Groundball, 56, EV 85.6 MPH)
Batting: RHB António Sandoval 0-0: Called Strike
0-1: Foul Ball, location: 2F
0-2: Ball
1-2: Ball
2-2: Ball
3-2: Base on Balls
Batting: RHB Sean Davidson 0-0: Ball
1-0: Swinging Strike
1-1: Ball
2-1: Called Strike
2-2: SINGLE (Line Drive, 3D, EV 94.4 MPH)
António Sandoval to second
Runner from 2nd tries for 3rd, SAFE, throw by RF made to third
Batting: LHB Jerry López 0-0: Ball
1-0: SINGLE (Line Drive, 7S, EV 102.5 MPH)
António Sandoval scores
Sean Davidson to second
Batting: LHB Juan Novoa 0-0: Ball
1-0: Called Strike
1-1: Foul Ball, location: 2F
1-2: Ball
2-2: Ball
3-2: Base on Balls
Sean Davidson to third
Jerry López to second
Batting: RHB Kel Mearns 0-0: Ball
1-0: Foul Ball, location: 9LDF
1-1: Foul Ball, location: 2F
1-2: Strikes out looking
Batting: LHB Danny King 0-0: Ball
1-0: Ground out U3 (Groundball, 3L, EV 91.3 MPH)
Bottom of the 5th over - 1 run, 2 hits, 0 errors, 3 left on base; Indianapolis 0 - Jacksonville 3
TOP OF THE 6TH
Indianapolis Indians batting - Pitching for Jacksonville Jumbo Shrimp : RHP Mario Bernard
Batting: RHB Steve Jenkins 0-0: Swinging Strike
0-1: Foul Ball, location: 5SF
0-2: Ball
1-2: SOLO HOME RUN (Line Drive, 78XD, EV 108.8 MPH), Distance : 419 ft
Batting: RHB Johnny Owen 0-0: Ball
1-0: Bunt for hit to 15S - play at first, batter OUT! 1-3
Batting: RHB José Vargas 0-0: Ball
1-0: Ball
2-0: Ball
3-0: Fly out, F8 (Line Drive, 8RS, EV 96.3 MPH)
Batting: LHB Jesús Benavidez 0-0: Swinging Strike
0-1: Ball
1-1: Ball
2-1: Ground out 5-3 (Groundball, 15, EV 90.0 MPH)
Top of the 6th over - 1 run, 1 hit, 0 errors, 0 left on base; Indianapolis 1 - Jacksonville 3
BOTTOM OF THE 6TH
Jacksonville Jumbo Shrimp batting - Pitching for Indianapolis Indians : RHP Alex Thompson
Batting: LHB Roger Lenoir 0-0: Called Strike
0-1: Ball
1-1: Ball
2-1: Swinging Strike
2-2: Foul Ball, location: 3FF
2-2: Ball
3-2: Fly out, F7 (Flyball, 7, EV 85.0 MPH)
Batting: RHB Doug Miller 0-0: Called Strike
0-1: Ball
1-1: Ball
2-1: SINGLE (Groundball, 6D, EV 101.3 MPH)
Batting: RHB Cristóbal Martínez 0-0: Called Strike
0-1: Ball
1-1: Called Strike
1-2: Fielders Choice at 2nd, 3-6 (Groundball, 3, EV 91.9 MPH)
Batting: RHB António Sandoval 0-0: Foul Ball, location: 5FF
0-1: Foul Ball, location: 25F
0-2: Fielders Choice at 2nd, 6-4 (Groundball, 6, EV 93.1 MPH)
Bottom of the 6th over - 0 runs, 1 hit, 0 errors, 1 left on base; Indianapolis 1 - Jacksonville 3
TOP OF THE 7TH
Indianapolis Indians batting - Pitching for Jacksonville Jumbo Shrimp : RHP Mario Bernard
Batting: RHB Chris Smith 0-0: Called Strike
0-1: Ball
1-1: Ball
2-1: Ball
3-1: SINGLE (Groundball, 5S, EV 71.3 MPH) (infield hit)
Batting: RHB Norm Owens 0-0: Ball
1-0: Called Strike
1-1: Ball
2-1: DOUBLE (Line Drive, 78XD, EV 104.4 MPH)
Chris Smith to third
Pinch Hitting: SHB Elvis Lang 0-0: Ball
1-0: Foul Ball, location: 7LDF
1-1: Ball
2-1: 3-RUN HOME RUN (Flyball, 78XD, EV 108.1 MPH), Distance : 431 ft
Batting: RHB Ty Lewis 0-0: Called Strike
0-1: SINGLE (Groundball, 4S, EV 81.9 MPH)
Batting: RHB Manny Martínez 0-0: Called Strike
0-1: Foul Ball, location: 2LF
0-2: Ball
1-2: Ball
2-2: Strikes out swinging
Batting: RHB Steve Jenkins 0-0: Called Strike
0-1: Ball
1-1: Foul Ball, location: 3SF
1-2: Strikes out swinging
Batting: RHB Johnny Owen 0-0: SINGLE (Groundball, 56S, EV 66.9 MPH) (infield hit)
Ty Lewis to second
Batting: RHB José Vargas 0-0: Ball
1-0: Swinging Strike
1-1: Ball
2-1: Fielders Choice at 2nd, 6-4 (Groundball, 6, EV 85.6 MPH)
Top of the 7th over - 3 runs, 5 hits, 0 errors, 2 left on base; Indianapolis 4 - Jacksonville 3
BOTTOM OF THE 7TH
Jacksonville Jumbo Shrimp batting - Pitching for Indianapolis Indians : RHP Alex Thompson
Pitching: RHP Juan Sosa
Now at 3B: Johnny Owen
Now at SS: Benny Williams
Batting: RHB Sean Davidson 0-0: Ball
1-0: Called Strike
1-1: Called Strike
1-2: Ball
2-2: Foul Ball, location: 3F
2-2: Ball
3-2: Base on Balls
Batting: LHB Jerry López 0-0: Called Strike
0-1: Foul Ball, location: 3DF
0-2: Ball
1-2: Strikes out swinging
Batting: LHB Juan Novoa 0-0: Ball
1-0: Foul Ball, location: 7LDF
1-1: Called Strike
1-2: Grounds out, U3 (Groundball, 3L, EV 91.3 MPH)
Batting: RHB Kel Mearns 0-0: Ball
1-0: Ground out 3-1 (Groundball, 34, EV 81.3 MPH)
Bottom of the 7th over - 0 runs, 0 hits, 0 errors, 1 left on base; Indianapolis 4 - Jacksonville 3
TOP OF THE 8TH
Indianapolis Indians batting - Pitching for Jacksonville Jumbo Shrimp : RHP Mario Bernard
Batting: LHB Jesús Benavidez 0-0: Ball
1-0: Called Strike
1-1: Ball
2-1: Foul Ball, location: 2F
2-2: Strikes out looking
Pitching: RHP Edgar Méndez
Batting: RHB Chris Smith 0-0: Called Strike
0-1: Ball
1-1: Called Strike
1-2: Ground out 6-3 (Groundball, 6, EV 105.6 MPH)
Batting: RHB Norm Owens 0-0: Ball
1-0: Foul Ball, location: 7LMF
1-1: Foul Ball, location: 2F
1-2: Foul Ball, location: 9LSF
1-2: Ball
2-2: Strikes out swinging
Top of the 8th over - 0 runs, 0 hits, 0 errors, 0 left on base; Indianapolis 4 - Jacksonville 3
BOTTOM OF THE 8TH
Jacksonville Jumbo Shrimp batting - Pitching for Indianapolis Indians : RHP Juan Sosa
Batting: LHB Danny King 0-0: Fly out, F6 (Popup, 6MS, EV 70.0 MPH)
Batting: LHB Roger Lenoir 0-0: Ball
1-0: Foul Ball, location: 2F
1-1: Swinging Strike
1-2: Strikes out swinging
Batting: RHB Doug Miller 0-0: Called Strike
0-1: Ball
1-1: Swinging Strike
1-2: Ball
2-2: Ball
3-2: Foul Ball, location: 25FF
3-2: SINGLE (Groundball, 34D, EV 96.9 MPH)
Batting: RHB Cristóbal Martínez 0-0: Ball
1-0: Swinging Strike
1-1: Fly out, F7 (Line Drive, 7LM, EV 96.3 MPH)
Bottom of the 8th over - 0 runs, 1 hit, 0 errors, 1 left on base; Indianapolis 4 - Jacksonville 3
TOP OF THE 9TH
Indianapolis Indians batting - Pitching for Jacksonville Jumbo Shrimp : RHP Edgar Méndez
Batting: RHB Benny Williams 0-0: Ball
1-0: Fly out, F8 (Flyball, 8LM, EV 93.8 MPH)
Batting: RHB Ty Lewis 0-0: Fly out, F3 (Popup, 34, EV 68.1 MPH)
Batting: RHB Manny Martínez 0-0: Foul Ball, location: 9LDF
0-1: Ball
1-1: Fly out, F4 (Popup, 34D, EV 66.9 MPH)
Top of the 9th over - 0 runs, 0 hits, 0 errors, 0 left on base; Indianapolis 4 - Jacksonville 3
BOTTOM OF THE 9TH
Jacksonville Jumbo Shrimp batting - Pitching for Indianapolis Indians : RHP Juan Sosa
Pitching: RHP Jeremy O'Bryant
Batting: RHB António Sandoval 0-0: Swinging Strike
0-1: Foul Ball, location: 2F
0-2: Ball
1-2: Ball
2-2: Strikes out swinging
Batting: RHB Sean Davidson 0-0: Ball
1-0: Ground out 4-3 (Groundball, 4, EV 86.9 MPH)
Batting: LHB Jerry López 0-0: Called Strike
0-1: SOLO HOME RUN (Flyball, 8RXD, EV 101.3 MPH) (Inside the Park)
Batting: LHB Juan Novoa 0-0: Ball
1-0: Ball
2-0: Ball
3-0: Base on Balls
Batting: RHB Kel Mearns 0-0: Called Strike
0-1: Called Strike
0-2: Ball
1-2: Strikes out looking
Bottom of the 9th over - 1 run, 1 hit, 0 errors, 1 left on base; Indianapolis 4 - Jacksonville 4
TOP OF THE 10TH
Indianapolis Indians batting - Pitching for Jacksonville Jumbo Shrimp : RHP Edgar Méndez
Batting: RHB Steve Jenkins 0-0: Called Strike
0-1: Called Strike
0-2: Strikes out looking
Batting: RHB Johnny Owen 0-0: Fly out, F9 (Flyball, 9S, EV 90.0 MPH)
Batting: RHB José Vargas 0-0: Called Strike
0-1: Ball
1-1: SOLO HOME RUN (Flyball, 8LXD, EV 110.6 MPH), Distance : 453 ft
Batting: LHB Jesús Benavidez 0-0: Called Strike
0-1: Ball
1-1: Foul Ball, location: 2LF
1-2: Foul Ball, location: 2F
1-2: Foul Ball, location: 2F
1-2: Ball
2-2: Foul Ball, location: 9LDF
2-2: Foul Ball, location: 2F
2-2: Strikes out looking
Top of the 10th over - 1 run, 1 hit, 0 errors, 0 left on base; Indianapolis 5 - Jacksonville 4
BOTTOM OF THE 10TH
Jacksonville Jumbo Shrimp batting - Pitching for Indianapolis Indians : RHP Jeremy O'Bryant
Batting: LHB Danny King 0-0: Ball
1-0: Ball
2-0: Swinging Strike
2-1: Ball
3-1: Fly out, F9 (Flyball, 89S, EV 94.4 MPH)
Batting: LHB Roger Lenoir 0-0: Ball
1-0: Fly out, F6 (Line Drive, 6, EV 77.5 MPH)
Pinch Hitting: LHB Augusto García 0-0: Ball
1-0: Ball
2-0: Ball
3-0: Called Strike
3-1: Base on Balls
Batting: RHB Cristóbal Martínez 0-0: Called Strike
0-1: Ground out 4-3 (Groundball, 4, EV 91.3 MPH)
Bottom of the 10th over - 0 runs, 0 hits, 0 errors, 1 left on base; Indianapolis 5 - Jacksonville 4
Monday, April 1st , 2024 - OOTP Baseball 24.10 Build 82